 Dungeon Sprint DCSS version 0.20.1-1-g8b1a95d (webtiles) character file.

612 wojtek the Cleaver (level 7, -9/103 HPs)
             Began as a Minotaur Berserker on Dec 29, 2017.
             Was a Believer of Trog.
             Mangled by a centaur warrior
             ... wielding a cursed -3 shortbow
              (12 damage)
             ... in the Dungeon (Sprint I: "Red Sonja").
             The game lasted 00:01:14 (874 turns).

wojtek the Cleaver (Minotaur Berserker)              Turns: 874, Time: 00:01:16

Health: -9/103     AC:  3    Str: 28    XL:     7   Next: 20%
Magic:  6/6        EV: 15    Int:  4    God:    Trog [**....]
Gold:   297        SH:  0    Dex: 10    Spells: 6/6 levels left

rFire    . . .     SeeInvis .   m - +0 war axe
rCold    . . .     Gourm    .   (no shield)
rNeg     . . .     Faith    .   b - +0 animal skin
rPois    .         Spirit   .   (helmet restricted)
rElec    .         Reflect  .   (no cloak)
rCorr    .         Harm     .   (no gloves)
MR       .....     NoTele   +   (no boots)
Stlth    ..........             (no amulet)
Regen    0.3/turn               (no ring)
MPRegen  0.1/turn               (no ring)

@: berserking, very quick
A: retaliatory headbutt, horns 2
a: Berserk, Trog's Hand, Burn Spellbooks, Renounce Religion


You were in the Dungeon.
You worshipped Trog.
Trog was pleased with you.
You were very hungry.

You visited 1 branch You collected 297 gold pieces.

Inventory:

Hand Weapons
 a - a +0 hand axe
 m - a +0 war axe (weapon)
Armour
 b - a +0 animal skin (worn)
Wands
 j - a wand of digging (10/24)
Scrolls
 i - a scroll of blinking
Potions
 d - a potion of curing
 f - a potion of haste
 g - 2 potions of magic
 h - a potion of berserk rage
Books
 l - a book of Misfortune

   Spells                             Type                      Level
   a - Confusing Touch                Hexes                        1
   b - Confuse                        Hexes                        3
   c - Gell's Gravitas                Translocation                3
   d - Petrify                        Transmutation/Earth          4
   e - Metabolic Englaciation         Hexes/Ice                    5
   f - Yara's Violent Unravelling     Hexes/Transmutation          5
   Trog disapproves of the use of such an item.
Comestibles
 c - a bread ration


   Skills:
 + Level 8.4 Fighting
 * Level 11.3 Axes
 * Level 11.0 Armour
 + Level 7.2 Dodging


You had 6 spell levels left.
You didn't know any spells.

Dungeon Overview and Level Annotations

Branches:
Dungeon (1/1)

Altars:
Cheibriados
Dithmenos
Elyvilon
Fedhas
Gozag
Hepliaklqana
Kikubaaqudgha
Makhleb
Nemelex Xobeh
Okawaru
Qazlal
Ru
Sif Muna
Trog
Uskayaw
Vehumet
Xom
Yredelemnul
Zin
The Shining One
Jiyva
Lugonu

Shops:
D (


Innate Abilities, Weirdness & Mutations

You reflexively headbutt those who attack you in melee.
You have a pair of horns on your head.


Message History

The centaur warrior hits you with a shortbow.
The centaur warrior completely misses you.
You closely miss the centaur warrior.
Your headbutt misses the centaur warrior.
You barely miss the centaur warrior.
The centaur warrior hits you with a shortbow!
* * * LOW HITPOINT WARNING * * *
You slash the centaur warrior!
Your headbutt misses the centaur warrior.
The centaur warrior is lightly wounded.
You hit the centaur warrior but do no damage.
The centaur warrior closely misses you.
The centaur warrior hits you with a shortbow.
* * * LOW HITPOINT WARNING * * *
You slice the centaur warrior!!
The centaur warrior is heavily wounded.
You closely miss the centaur warrior. The centaur warrior hits you!
* * * LOW HITPOINT WARNING * * *
The centaur warrior hits you with a shortbow!
You die...

###################
#<.#..)..#..'..#__#
#..').#..').#..'..+
#..#####'#####'#__# #
#..####..#...#(####$§
#..#__####..##(#≈§§§§#
#..#_____##'#..@c§§§c
#⌠⌠#_.∩...'..._#c§≈§.#
####_..__##_.#'##+####
#_____###+#.# #######
###


You could see 2 centaur warriors.

Vanquished Creatures
  A slime creature (D)
  Sigmund (D)
  A yak (D)
  An ogre (D)
  A jelly (D)
  Ijyb (D)
6 creatures vanquished.

Notes
Turn   | Place    | Note
-------+----------+-------------------------------------------
     0 | D        | wojtek the Minotaur Berserker began the quest for the Orb.
     0 | D        | Reached XP level 1. HP: 19/19 MP: 0/0
     1 | D        | Noticed Ijyb
     9 | D        | Killed Ijyb
     9 | D        | Reached skill level 5 in Axes
     9 | D        | Reached XP level 2. HP: 15/28 MP: 1/1
   148 | D        | Noticed an ogre
   151 | D        | Killed an ogre
   151 | D        | Reached skill level 5 in Fighting
   151 | D        | Reached XP level 3. HP: 36/36 MP: 2/2
   151 | D        | Reached XP level 4. HP: 42/42 MP: 3/3
   200 | D        | Noticed Sigmund
   204 | D        | Killed Sigmund
   204 | D        | Reached ** piety under Trog
   204 | D        | Reached skill level 5 in Dodging
   204 | D        | Reached XP level 5. HP: 32/51 MP: 4/4
   312 | D        | Found a burning altar of Makhleb.
   312 | D        | Found a viscous altar of Jiyva.
   312 | D        | Found a shimmering altar of Xom.
   312 | D        | Found a corrupted altar of Lugonu.
   312 | D        | Noticed a slime creature
   324 | D        | Killed a slime creature
   324 | D        | Reached skill level 10 in Axes
   324 | D        | Reached skill level 10 in Armour
   324 | D        | Reached XP level 6. HP: 21/61 MP: 5/5
   523 | D        | Found a deep blue altar of Sif Muna.
   525 | D        | Found a radiant altar of Vehumet.
   532 | D        | Found Uxe Rownit's Weapon Emporium.
   532 | D        | Found an ancient bone altar of Kikubaaqudgha.
   532 | D        | Found a hazy altar of Hepliaklqana.
   532 | D        | Found a stormy altar of Qazlal.
   532 | D        | Found a hide-covered altar of Uskayaw.
   532 | D        | Found a blossoming altar of Fedhas.
   532 | D        | Found a bloodstained altar of Trog.
   532 | D        | Found an iron altar of Okawaru.
   532 | D        | Found a basalt altar of Yredelemnul.
   532 | D        | Found a glowing golden altar of the Shining One.
   532 | D        | Found a snail-covered altar of Cheibriados.
   532 | D        | Found a sacrificial altar of Ru.
   532 | D        | Found a glowing silver altar of Zin.
   532 | D        | Found a shadowy altar of Dithmenos.
   532 | D        | Found a white marble altar of Elyvilon.
   532 | D        | Noticed a yak
   538 | D        | HP: 1/61 [yak (17)]
   539 | D        | Killed a yak
   539 | D        | Reached XP level 7. HP: 2/69 MP: 6/6
   540 | D        | Found an opulent altar of Gozag.
   543 | D        | Found a sparkling altar of Nemelex Xobeh.
   864 | D        | Noticed a centaur warrior
   867 | D        | Noticed a centaur warrior
   874 | D        | HP: 3/103 [centaur warrior (9)]
   874 | D        | Mangled by a centaur warrior

Skill      XL: |  1  2  3  4  5  6 |
---------------+-------------------+-----
Fighting       | 4 5 6 7 8 |  8.4
Axes           | 5 7 9 10 11 | 11.3
Armour         | 4 6 8 10 11 | 11.0
Dodging        | 3 4 5 6 7 |  7.2

Action                   |  1- 3 |  4- 6 |  7- 9 || total
-------------------------+-------+-------+-------++-------
Melee: Hand axe          |     9 |    22 |       ||    31
       Headbutt          |     2 |     6 |       ||     8
       War axe           |       |       |     6 ||     6
Invok: Berserk           |     1 |       |     1 ||     2
  Use: Potion            |       |       |     1 ||     1
Armor: Animal skin       |     2 |       |     1 ||     3
Dodge: Dodged            |     3 |     7 |     5 ||    15
